 Dungeon Crawl Stone Soup version bcrawl-1.38.3 (webtiles) character file.

Game seed: 5817921331168253963

25672740 SneedManIsMyWife the Impregnable (level 25, 172/172 HPs)
             Began as a Gargoyle Fighter on Apr 28, 2023.
             Was the Champion of Makhleb.
             Escaped with the Orb
             ... and 3 runes on May 21, 2023!
             The game lasted 01:19:26 (37425 turns).

SneedManIsMyWife the Impregnable (GrFi)            Turns: 37425, Time: 01:19:26

Health: 172/172    AC: 64    Str: 34    XL:     25   Next: 58%
Magic:  27/27      EV:  3    Int:  6    God:    Makhleb [******]
Gold:   418        SH: 25    Dex: 11    Spells: 24/24 levels left

rFire    + + .     GDR:     47% g - +5 broad axe (vamp)
rCold    + . .     SeeInvis +   P - +0 large shield
rNeg     + + .     Gourm    .   Z - +10 crystal plate armour
rPois    ∞         Faith    .   p - +0 mask of the Dragon {MR+ Slay+3 SInv}
rElec    +         Spirit   .   r - scarf of Sedisasadgh {clouds, +Inv rC+ Int-2, @q1}
rCorr    .         Reflect  .   E - +0 pair of gloves "Aneiruhu" {rF+ Str+2}
MR       ++++.                  O - +1 pair of boots {Stlth++}
Stlth    ..........             y - amulet "Koott" {Rage rF+ rN+ MR+ Dex+2}
HPRegen  0.38/turn              Y - +5 ring of protection
MPRegen  0.20/turn              l - ring of Utzog {AC+4 Str+3}

@: flying
A: antennae 1, big wings, deformed body, deterioration 2, dopey 2, low mp 2,
magic resistance 1, negative energy resistance 1, electricity resistance,
partial torment resistance, unbreathing, petrification resistance, rot immunity,
AC +19
0: Orb of Zot
}: 3/15 runes: barnacled, silver, gossamer
a: Stop Flying, Minor Destruction, Hew, Major Destruction, Greater Servant of
Makhleb, Renounce Religion, Evoke Fog, Evoke Berserk Rage, Evoke Invisibility


You escaped.
You worshipped Makhleb.
Makhleb was exalted by your worship.
You were not hungry.

You visited 8 branches of the dungeon, and saw 38 of its levels.
You visited the Abyss 1 time.
You also visited: Ice Cave.

You collected 7483 gold pieces.
You spent 7065 gold pieces at shops.

Inventory:

Hand Weapons
 c - a +4 broad axe of chopping
   (You took it off a hell knight on level 2 of the Depths)
 g - a +5 vampiric broad axe (weapon)
   (You acquired it on level 10 of the Dungeon)
Missiles
 f - 8 throwing nets {=f}
 n - 1017 poisoned tomahawks (quivered)
 L - 75 javelins of penetration {=f}
Armour
 p - the +0 mask of the Dragon (worn) {MR+ Slay+3 SInv}
   (You bought it in a shop in the Orcish Mines)

   It affects your accuracy and damage with ranged weapons and melee attacks
   (+3).
   It affects your resistance to hostile enchantments.
   It lets you see invisible.
 r - the scarf of Sedisasadgh (worn) {clouds, +Inv rC+ Int-2, @q1}
   (You found it on level 1 of the Shoals)

   It affects your intelligence (-2).
   It protects you from cold.
   It lets you turn invisible.
 E - the +0 pair of gloves "Aneiruhu" (worn) {rF+ Str+2}
   (You bought it in a shop in the Orcish Mines)

   It affects your strength (+2).
   It protects you from fire.
 O - a +1 pair of boots of stealth (worn)
   (You found it on level 9 of the Dungeon)
 P - a +0 large shield (worn)
   (You took it off a vault guard on level 3 of the Vaults)
 Z - a +10 crystal plate armour (worn)
   (You bought it in a shop on level 12 of the Dungeon)
Jewellery
 k - an uncursed ring of fire
   (You took it off a crimson imp on level 4 of the Depths)
 l - the ring of Utzog (right hand) {AC+4 Str+3}
   (You bought it in a shop on level 3 of the Vaults)

   [ring of protection]

   It affects your AC (+4).
   It affects your strength (+3).
 y - the amulet "Koott" (around neck) {Rage rF+ rN+ MR+ Dex+2}
   (You acquired it in the Orcish Mines)

   [amulet of rage]

   It affects your dexterity (+2).
   It protects you from fire.
   It protects you from negative energy.
   It affects your resistance to hostile enchantments.
 B - the amulet of the Four Winds {rN+ MR+++ Clar}
   (You bought it in a shop on level 3 of the Vaults)

   [amulet of nothing]

   It protects you from negative energy.
   It affects your resistance to hostile enchantments.
   It protects you against confusion.
 Y - a +5 ring of protection (left hand)
   (You found it on level 4 of the Depths)
Wands
 a - a wand of charming (16)
   (You found it on level 11 of the Dungeon)
 v - a wand of digging (24)
   (You found it on level 2 of the Lair of Beasts)
 C - a wand of iceblast (42)
   (You found it on level 4 of the Dungeon)
 D - a wand of acid (11)
   (You found it on level 2 of the Vaults)
 R - a wand of paralysis (9)
   (You found it on level 3 of the Shoals)
 V - a wand of scattershot (8)
   (You found it on level 12 of the Dungeon)
Scrolls
 b - 2 scrolls of noise
 j - a scroll of magic mapping
 o - 2 scrolls of fear
 t - 7 scrolls of teleportation
 u - a scroll of brand weapon
 x - 4 scrolls of fog
 z - 2 scrolls of blinking
 G - 7 scrolls of immolation
 M - a scroll of summoning
 S - a scroll of silence
Potions
 h - 3 potions of haste
 i - 4 potions of resistance
 q - 20 potions of curing
 s - 4 potions of agility
 w - 2 potions of heal wounds
 A - 7 potions of mutation
 F - 2 potions of lignification
 H - 5 potions of brilliance
 I - 4 potions of magic
 J - 3 potions of ambrosia
 N - a potion of cancellation
 W - a potion of berserk rage
Miscellaneous
 K - a phantom mirror
 Q - a sack of spiders
   (You found it on level 3 of the Vaults)
 U - a phial of floods
   (You found it on level 2 of the Lair of Beasts)
 X - a lamp of fire
   (You found it on level 3 of the Vaults)
Comestibles
 e - 40 rations {!d}


   Skills:
 + Level 21.9 Fighting
 - Level 18.0 Axes
 - Level 0.5 Throwing
 + Level 22.1 Armour
 - Level 1.7 Stealth
 + Level 20.8 Shields
 + Level 15.6 Invocations
 + Level 12.6 Evocations


You had 24 spell levels left.
You didn't know any spells.
Your spell library contained the following spells:

 Spells                   Type           Power        Failure   Level  Hunger
 Flame Tongue             Conj/Fire      #....        100%        1    None
 Magic Dart               Conj           #...         100%        1    None
 Sandblast                Erth           #.....       100%        1    None
 Summon Small Mammal      Summ           #...         100%        1    None
 Blink                    Tloc           N/A          100%        2    ####...
 Call Imp                 Summ           #.....       100%        2    ####...
 Ensorcelled Hibernation  Hex/Ice        #.....       100%        2    ####...
 Flaming Arrows           Chrm/Fire      #.......     100%        2    ####...
 Passwall                 Tmut/Erth      #.......     100%        2    ####...
 Poisonous Vapours        Pois/Air       #.....       100%        2    ####...
 Call Canine Familiar     Summ           #.......     100%        3    #####..
 Conjure Flame            Conj/Fire      #.......     100%        3    #####..
 Ignite Poison            Fire/Tmut/Pois #.......     100%        3    #####..
 Inner Flame              Hex/Fire       N/A          100%        3    #####..
 Mephitic Cloud           Conj/Pois/Air  #.......     100%        3    #####..
 Spider Form              Tmut/Pois      #..          100%        3    #####..
 Stone Arrow              Conj/Erth      #.....       100%        3    #####..
 Tukima's Dance           Hex            #.......     100%        3    #####..
 Petrify                  Tmut/Erth      #.........   100%        4    ######.
 Sticky Flame             Conj/Fire      #.......     100%        4    ######.
 Summon Ice Beast         Ice/Summ       #.......     100%        4    ######.
 Tree Form                Hex/Tmut       N/A          100%        4    ######.
 Bolt of Magma            Conj/Fire/Erth #.........   100%        5    #######
 Dispel Undead            Necr           #.......     100%        5    #######
 Fireball                 Conj/Fire      #.........   100%        5    #######
 Freezing Cloud           Ice/Air        #.......     100%        5    #######
 Lee's Rapid Deconstruct  Erth           #.........   100%        5    #######
 Steam Barrier            Chrm/Fire      #.........   100%        5    #######
 Summon Lightning Spire   Summ/Air       #.......     100%        5    #######
 Borgnjor's Vile Clutch   Necr/Erth      #.........   100%        6    #######
 Darkness                 Hex            #.........   100%        6    #######
 Dispersal                Tloc           #.........   100%        6    #######
 Infestation              Hex/Tmut/Pois  #........    100%        6    #######
 Iron Shot                Conj/Erth      #.........   100%        6    #######
 Ozocubu's Refrigeration  Ice            #.........   100%        6    #######
 Virulence                Hex/Pois       #.......     100%        6    #######
 Dragon Form              Tmut           #......      100%        7    #######
 Shadow Creatures         Summ           N/A          100%        7    #######
 Ignition                 Fire           #.........   100%        8    #######
 Necromutation            Tmut/Necr      #.......     100%        8    #######
 Time Stop                Chrm/Tloc      N/A          100%        8    #######
 Sublimation of Blood     Necr           Unusable     N/A         2    N/A
 Passage of Golubria      Tloc           Unusable     N/A         5    N/A
 Statue Form              Tmut/Erth      Unusable     N/A         6    N/A

Dungeon Overview and Level Annotations

Branches:
Dungeon (12/12)            Temple (0/1) D:4            Lair (6/6) D:9
 Shoals (3/3) Lair:3       Spider (3/3) Lair:2        Slime (0/5) Lair:5
    Orc (1/1) D:8             Elf (0/3) Orc          Vaults (3/3) D:11
  Crypt (0/2) Vaults:2     Depths (5/5) D:12            Zot (5/5) Depths:5

Altars:
Ashenzari
Cheibriados
Hepliaklqana
Kikubaaqudgha
Makhleb
Nemelex Xobeh
Ru
Sif Muna
Trog
Yredelemnul
Zin
Jiyva

Shops:
D:4 =:   D:9 }   D:12 [   Orc [%![*   Vaults:1 }   Vaults:2 **(=(
Vaults:3 (!%%[%%!(?=%?

Portals:
Hell: Depths:1 Depths:2 Depths:3 Depths:4
Abyss: Depths:1 Depths:4
Pandemonium: Depths:2
Ziggurat: Depths:3
Trove: Vaults:1 (give 4 potions of haste)

Annotations:
D:12 3 runed translucent doors, tronn's ghost, novice FeWz Orc Sonja
Depths:2 3 runed doors
Zot:5 2 transporters, Lazarus1551's ghost, legendary OnCj


Innate Abilities, Weirdness & Mutations

You are resistant to torment.
Your stone body is resilient. (AC +19)
You are immune to poison.
Your large and strong wings let you fly indefinitely.
You resist negative energy. (rN+)
You are resistant to electric shocks. (rElec)
You are less affected by unholy pain and torment.
You can survive without breathing.
You are immune to petrification.
You are immune to rotting.
You have a pair of small antennae on your head.
Armour fits poorly on your strangely shaped body.
Your body often deteriorates upon taking damage.
You are very dopey. (Int -4)
Your magical capacity is very low. (-20% MP)
You are resistant to hostile enchantments. (MR+)


Message History

The green death is severely wounded.
You slice the green death!!
You kill the green death!
Makhleb accepts your kill.
Your life force feels restored.
No target in view!
(D) Dungeon (T) Temple (L) Lair (A) Shoals (N) Spider Nest (M) Slime Pits (O) Orcish Mines (E) Elven Halls (V) Vaults (C) Crypt (U) Depths (H) Hell (Z) Zot
Where to? (Enter - D:1 @ (x,y), ? - help)
There is an open door here.
There is a stone staircase leading up here.
You fly upwards.
There is a stone staircase leading down here.
There is a stone staircase leading up here.
You fly upwards.
There is a stone staircase leading down here.
There is a stone staircase leading up here.
You fly upwards.
There is a stone staircase leading down here.
There is a stone staircase leading up here.
You fly upwards.
There is a stone staircase leading down here.
There is a stone staircase leading up here.
You fly upwards.
There is a stone staircase leading down here.
There is an open door here.
There is an open door here.
There is a stone staircase leading up here.
You fly upwards.
There is a stone staircase leading down here.
There is a stone staircase leading up here.
You fly upwards.
There is a stone staircase leading down here.
You reach down and open the door.
There is an open door here.
An Orb Guardian comes into view.
You slice the Orb Guardian!!
The Orb Guardian is moderately wounded.
You block the Orb Guardian's attack.
Your shield and crystal plate armour prevent you from hitting the Orb Guardian.
The Orb Guardian is moderately wounded.
You block the Orb Guardian's attack. The Orb Guardian hits you!
You closely miss the Orb Guardian.
The Orb Guardian is moderately wounded.
You block the Orb Guardian's attack.
You slice the Orb Guardian!!
The Orb Guardian is heavily wounded.
You block the Orb Guardian's attack.
Your shield and crystal plate armour prevent you from hitting the Orb Guardian.
The Orb Guardian is heavily wounded.
The Orb Guardian hits you but does no damage.
You block the Orb Guardian's attack.
You closely miss the Orb Guardian.
The Orb Guardian is heavily wounded.
You block the Orb Guardian's attack.
You closely miss the Orb Guardian.
The Orb Guardian is heavily wounded.
The Orb Guardian hits you.
You closely miss the Orb Guardian.
The Orb Guardian is heavily wounded.
The Orb Guardian hits you but does no damage.
You closely miss the Orb Guardian.
The Orb Guardian is heavily wounded.
The Orb Guardian gazes at you. You resist. The bolt of lightning hits you!
The bolt of lightning hits you but does no damage.
Your crystal plate armour prevents you from hitting the Orb Guardian.
The Orb Guardian is heavily wounded.
The Orb Guardian hits you but does no damage.
You slash the Orb Guardian!
You feel better.
The Orb Guardian is severely wounded.
You block the Orb Guardian's attack.
You hit the Orb Guardian.
You feel better.
The Orb Guardian is severely wounded.
The Orb Guardian hits you.
You slice the Orb Guardian!!
You feel better.
The Orb Guardian is almost dead.
You block the Orb Guardian's attack. x2
You slash the Orb Guardian!
The Orb Guardian is almost dead.
You block the Orb Guardian's attack.
You hit the Orb Guardian but do no damage.
The Orb Guardian is almost dead.
You block the Orb Guardian's attack.
Your crystal plate armour prevents you from hitting the Orb Guardian.
The Orb Guardian is almost dead.
You block the Orb Guardian's attack.
You slice the Orb Guardian!!
You kill the Orb Guardian!
Makhleb accepts your kill.
You feel better.
(D) Dungeon (T) Temple (L) Lair (A) Shoals (N) Spider Nest (M) Slime Pits (O) Orcish Mines (E) Elven Halls (V) Vaults (C) Crypt (U) Depths (H) Hell (Z) Zot
Where to? (Enter - D:1 @ (x,y), ? - help)
There is a staircase leading out of the dungeon here.
You have escaped!

##.......#.
##.......###
##.......#.#.
##......####.#
##.....### ###
##....###
##...###
#######
##..###
#.....# #@###
#.###.# ###
#.#....
#.....#
###.### #.#
#.# #.#
#####.###
#........


There were no monsters in sight!

Vanquished Creatures
  A juggernaut (Vaults:3)
  4 orbs of fire
  An ancient lich (Zot:5)
  the Enchantress (Depths:3)
  Boris (Vaults:2)
  3 Killer Klowns
  6 golden dragons
  5 caustic shrikes (Depths:4)
  4 rockslimes
  A Shadow Fiend (D:10)
  3 electric golems
  An Orb Demon (Zot:3)
  7 tentacled monstrosities
  26 Orb Guardians
  6 liches
  A Hell Sentinel (Zot:5)
  A quicksilver dragon (Depths:4)
  A death cob (Zot:5)
  5 sphinxes
  A shadow dragon (Depths:5)
  A draconian monk (Zot:3)
  9 storm dragons
  Donald (Spider:2)
  9 frost giants
  Roxanne (Spider:2)
  8 tengu reavers
  A draconian knight (Depths:5)
  2 war gargoyles (Vaults:3)
  10 fire giants
  An iron dragon (Depths:4)
  A deep elf sorcerer (Vaults:1)
  7 vault wardens
  A cacodemon (Depths:5)
  6 emperor scorpions
  8 ghost moths
  A draconian shifter (Zot:3)
  An eye of devastation (Zot:5)
  A reaper (Depths:2)
  12 ironheart preservers
  A juggernaut zombie (Depths:3)
  6 spriggan defenders
  20 very ugly things
  17 stone giants
  A vampire knight (Depths:1)
  3 white draconians
  2 black draconians
  A deep elf demonologist (Vaults:1)
  2 entropy weavers
  8 dire elephants
  A deep elf annihilator (Depths:4)
  A green draconian (Zot:3)
  3 spark wasps
  A purple draconian (Zot:2)
  A red draconian (Zot:3)
  Azrael (D:12)
  A deep elf death mage (Vaults:1)
  8 ettins
  5 merfolk impalers
  A green death (D:8)
  3 merfolk javelineers
  2 spectral krakens (Shoals:3)
  11 fire dragons
  7 rakshasas
  A deep elf high priest (Depths:2)
  6 hydras
  7 ice dragons
  27 vault guards
  13 yaktaur captains
  2 spriggan air magi
  Erolcha (Orc)
  4 merfolk avatars
  2 ghost crabs (Shoals:3)
  5 ogre magi
  Psyche (D:10)
  16 two-headed ogres
  A catoblepas (Lair:6)
  2 death knights (Vaults:1)
  A shadow wraith (Vaults:2)
  2 alligator snapping turtles
  4 merfolk aquamancers
  5 deep troll earth magi
  2 satyrs
  10 great orbs of eyes
  3 tengu warriors
  3 dancing weapons (Vaults:3)
  13 death yaks
  5 spriggan berserkers
  9 deep troll shamans
  6 sea snakes
  A shock serpent (shapeshifter) (Depths:4)
  2 ironheart beastmasters
  3 orc high priests (Orc)
  16 deep trolls
  2 deep elf knights
  A salamander mystic (Depths:3)
  22 centaur warriors
  A fire crab (Shoals:1)
  16 hell knights
  3 skeletal warriors (Vaults:1)
  A swamp dragon (Orc)
  5 iron trolls
  5 wizards
  2 sixfirhies
  6 unseen horrors (Depths:1)
  2 glowing orange brains
  A flayed ghost (Depths:3)
  2 wolf spider zombies
  12 ironheart convokers
  A tengu zombie (Depths:3)
  7 necromancers
  6 spectral merfolk (Shoals:3)
  6 deep elf archers
  7 cyclopes
  4 phantasmal warriors
  2 lindwurms (Lair:6)
  Pikel (D:6)
  8 deep elf magi
  10 harpies
  12 orb spiders
  6 orc knights
  23 wolf spiders
  3 orc sorcerers (Orc)
  22 ugly things
  An oklob plant (Lair:2)
  A spectral sea snake (Shoals:3)
  13 moths of wrath
  A fire giant zombie (Vaults:3)
  10 fauns
  4 salamanders
  7 manticores
  3 elephants
  7 merfolk sirens
  A rust devil (Depths:2)
  An iron dragon skeleton (Depths:3)
  2 smoke demons
  7 black mambas
  11 vault sentinels
  10 cane toads
  3 orange demons
  A gargoyle (D:9)
  5 rime drakes
  2 torpor snails
  4 water nymphs
  39 yaktaurs
  2 rime drakes (shapeshifter)
  An ice devil (Depths:2)
  A dryad (D:9)
  14 komodo dragons
  A komodo dragon (shapeshifter) (Vaults:2)
  11 demonic crawlers
  An eye of draining (D:10)
  4 freezing wraiths
  22 jumping spiders
  A hellwing (Depths:4)
  2 red devils
  A spectral harpy (Shoals:3)
  A tengu conjurer (D:12)
  A tormentor (Depths:4)
  Maurice (D:8)
  7 trolls
  7 hornets
  4 wind drakes
  22 blink frogs
  15 merfolk
  9 hippogriffs
  10 snapping turtles
  A meliai zombie (D:9)
  Prince Ribbit (D:6)
  An ettin zombie (Vaults:3)
  8 dream sheep (Lair:6)
  9 slime creatures
  A shadow (D:11)
  Sigmund (D:6)
  3 spriggans
  10 water elementals
  2 fire elementals (D:12)
  2 wraiths
  A wyvern (Lair:6)
  10 humans
  A steam dragon (D:10)
  37 yaks
  22 tarantellas
  2 basilisks (Lair:6)
  2 hungry ghosts
  A fire bat (shapeshifter) (D:12)
  9 vampire mosquitoes
  30 redbacks
  Menkaure (D:7)
  2 yaktaur simulacra
  2 wargs (Orc)
  12 crocodiles
  8 water moccasins
  An acid dragon (Lair:2)
  4 hell hounds
  A slave (D:6)
  A floating eye (Depths:1)
  3 ice beasts
  5 porcupines
  23 orc warriors
  2 sky beasts
  A hornet zombie (D:8)
  3 soldier ants (D:9)
  2 black bears
  26 ogres
  A phantom (D:9)
  26 wolves
  13 bullfrogs
  A kobold brigand (D:6)
  3 centaurs
  A gnoll sergeant (D:8)
  10 scorpions
  9 killer bees
  A statue (D:9)
  15 wights
  14 orc priests
  13 crimson imps
  3 howler monkeys
  3 quasits (Depths:2)
  2 human simulacra
  2 bullfrog zombies
  3 jellies
  6 hounds
  2 gnoll shamans
  An iron imp (Depths:1)
  A bullfrog skeleton (D:10)
  13 orc wizards
  2 iguanas
  11 worker ants
  A killer bee zombie (D:7)
  3 hound zombies (D:7)
  3 worker ant zombies
  Robin (D:3)
  20 adders
  14 gnolls
  5 shadow imps
  2 white imps
  An ufetubus (Depths:2)
  An ooze (D:2)
  2 adder zombies
  3 worms
  2 dart slugs
  6 leopard geckos
  72 orcs
  9 bats
  4 giant cockroaches
  10 goblins
  7 hobgoblins
  7 jackals
  3 quokkas
  4 frilled lizards
  A jackal skeleton (D:4)
  9 kobolds
  4 rats
  4 rat zombies (D:2)
  A bush (Shoals:2)
  9 fungi
  25 plants
  A snaplasher vine (D:9)
  2 tentacles (Shoals:3)
1553 creatures vanquished.

Vanquished Creatures (collateral kills)
  A tentacled monstrosity (Vaults:3)
  A vault warden (Vaults:3)
  A war gargoyle (Vaults:3)
3 creatures vanquished.

Vanquished Creatures (others)
  A vault warden (Vaults:3)
  A fire dragon (Depths:2)
  A vault guard (D:11)
  An ironheart beastmaster (Vaults:1)
  2 centaur warriors (Vaults:1)
  A cyclops (Vaults:1)
  A wolf spider (Spider:3)
  A vault sentinel (Vaults:3)
  A yaktaur (Vaults:3)
  A polar bear (IceCv)
  3 yaks (IceCv)
  A slave (D:6)
  A wolf (IceCv)
  An adder (D:6)
  2 gnolls (D:6)
  An orc (Orc)
  A bush (Lair:6)
  2 fungi
  33 plants
  8 tentacles (Shoals:3)
  2 withered plants (Shoals:3)
66 creatures vanquished.

Grand Total: 1622 creatures vanquished

Notes
Turn   | Place    | Note
-------+----------+-------------------------------------------
     0 | D:1      | SneedManIsMyWife the Gargoyle Fighter began the quest for
                  | the Orb.
     0 | D:1      | Reached XP level 1. HP: 14/14 MP: 1/1
   180 | D:1      | Reached skill level 2 in Axes
   226 | D:1      | Reached XP level 2. HP: 19/19 MP: 2/2
   535 | D:2      | Reached XP level 3. HP: 21/24 MP: 3/3
   536 | D:2      | Reached skill level 4 in Fighting
   935 | D:2      | Found an ancient bone altar of Kikubaaqudgha.
  1046 | D:2      | Reached skill level 3 in Axes
  1046 | D:2      | Reached XP level 4. HP: 10/30 MP: 4/4
  1467 | D:3      | Found a sacrificial altar of Ru.
  1484 | D:3      | Noticed Robin
  1496 | D:3      | Killed Robin
  1650 | D:3      | Reached XP level 5. HP: 33/34 MP: 5/5
  1747 | D:3      | Noticed a bullfrog
  1765 | D:3      | Killed a bullfrog
  1766 | D:3      | Reached skill level 5 in Fighting
  1766 | D:3      | Reached skill level 4 in Axes
  1943 | D:3      | Found a burning altar of Makhleb.
  2065 | D:3      | Became a worshipper of Makhleb the Destroyer
  2131 | D:3      | Reached XP level 6. HP: 38/40 MP: 6/6
  2153 | D:3      | Found a faded altar of an unknown god.
  2225 | D:4      | Reached skill level 5 in Axes
  2254 | D:4      | Found a glowing silver altar of Zin.
  2318 | D:4      | HP: 5/40 [ogre/+0 giant club (19)]
  2583 | D:4      | Reached XP level 7. HP: 38/44 MP: 7/7
  2605 | D:4      | Found a snail-covered altar of Cheibriados.
  2621 | D:4      | Found a staircase to the Ecumenical Temple.
  2703 | D:4      | Reached skill level 6 in Axes
  2740 | D:4      | Found Huischok's Book Emporium.
  2833 | D:4      | Found Lyacoan's Jewellery Emporium.
  3097 | D:4      | Reached skill level 7 in Axes
  3233 | D:5      | Entered Level 5 of the Dungeon
  3243 | D:5      | Reached XP level 8. HP: 48/49 MP: 8/8
  3294 | D:5      | Reached * piety under Makhleb
  3477 | D:5      | Found a bloodstained altar of Trog.
  3620 | D:5      | Reached skill level 8 in Axes
  4373 | D:6      | Noticed Prince Ribbit
  4374 | D:6      | Noticed a hippogriff
  4382 | D:6      | Killed Prince Ribbit
  4383 | D:6      | Reached skill level 9 in Axes
  4499 | D:6      | Killed a hippogriff
  4500 | D:6      | Reached skill level 4 in Armour
  4500 | D:6      | Reached XP level 9. HP: 51/55 MP: 9/9
  4606 | D:6      | Reached skill level 6 in Fighting
  4607 | D:6      | HP: 8/55 [killer bee (6)]
  4611 | D:6      | HP: 3/55 [killer bee (6)]
  4784 | D:6      | Noticed Pikel
  4811 | D:6      | Killed Pikel
  4812 | D:6      | Reached skill level 4 in Shields
  4815 | D:6      | Reached skill level 10 in Axes
  5030 | D:6      | Reached skill level 5 in Armour
  5126 | D:6      | Noticed Sigmund
  5134 | D:6      | Killed Sigmund
  5234 | D:6      | Found a shimmering blue altar of Sif Muna.
  5550 | D:7      | Reached ** piety under Makhleb
  5556 | D:7      | Found a basalt altar of Yredelemnul.
  5770 | D:7      | Noticed a troll
  5775 | D:7      | Noticed Menkaure
  5778 | D:7      | Reached XP level 10. HP: 47/61 MP: 10/10
  5784 | D:7      | Reached skill level 7 in Fighting
  5790 | D:7      | Reached skill level 5 in Shields
  5793 | D:7      | Killed Menkaure
  5925 | D:7      | Reached skill level 6 in Armour
  5955 | D:7      | Reached skill level 11 in Axes
  6532 | D:8      | Noticed a two-headed ogre
  6538 | D:8      | Killed a two-headed ogre
  6539 | D:8      | Reached skill level 8 in Fighting
  6623 | D:8      | Reached *** piety under Makhleb
  6818 | D:8      | Found a sparkling altar of Nemelex Xobeh.
  6975 | D:8      | Noticed Maurice
  7052 | D:8      | Killed Maurice
  7153 | D:8      | Reached XP level 11. HP: 48/69 MP: 11/11
  7464 | D:8      | Reached skill level 12 in Axes
  7537 | D:8      | Found a roughly hewn altar of Beogh.
  7537 | D:8      | Found a staircase to the Orcish Mines.
  7551 | D:8      | Reached **** piety under Makhleb
  7920 | D:9      | Noticed an orc knight
  7938 | D:9      | Killed an orc knight
  7942 | D:9      | Reached skill level 6 in Shields
  7944 | D:9      | Reached skill level 9 in Fighting
  8026 | D:9      | Noticed a four-headed hydra
  8377 | D:9      | Reached skill level 7 in Armour
  8382 | D:9      | Reached skill level 1 in Invocations
  8519 | D:9      | Found a staircase to the Lair.
  8550 | D:9      | Reached skill level 1 in Evocations
  8871 | Lair:1   | Entered Level 1 of the Lair of Beasts
  9023 | Lair:1   | Reached skill level 2 in Invocations
  9121 | Lair:1   | Reached ***** piety under Makhleb
  9133 | Lair:1   | Reached skill level 13 in Axes
  9136 | Lair:1   | Reached skill level 2 in Evocations
  9145 | Lair:1   | Reached XP level 12. HP: 70/76 MP: 12/14
  9164 | Lair:1   | Noticed an eight-headed hydra
  9609 | Lair:1   | Reached skill level 3 in Invocations
  9854 | Lair:1   | Killed an eight-headed hydra
 10044 | Lair:2   | Found a hole to the Spider Nest.
 10887 | Lair:3   | Reached skill level 10 in Fighting
 10887 | Lair:3   | Reached skill level 7 in Shields
 10909 | Lair:3   | Reached skill level 3 in Evocations
 11002 | Lair:3   | Got a crude fustibalus
 11141 | Lair:3   | Reached skill level 4 in Invocations
 11269 | Lair:3   | Got a pitted brass ring
 11656 | Lair:4   | Reached skill level 8 in Armour
 11695 | Lair:4   | Noticed an eight-headed hydra
 11705 | Lair:4   | Killed a 12-headed hydra
 11813 | Lair:4   | Reached skill level 14 in Axes
 12050 | Lair:4   | Reached XP level 13. HP: 83/83 MP: 16/16
 12446 | Lair:5   | Reached skill level 5 in Invocations
 12446 | Lair:5   | Reached skill level 4 in Evocations
 12582 | Lair:5   | Reached skill level 11 in Fighting
 12718 | Lair:5   | Found a staircase to the Slime Pits.
 12719 | Lair:5   | Found a viscous altar of Jiyva.
 12881 | Lair:5   | Found a frozen archway.
 12967 | IceCv    | Entered an ice cave
 13233 | IceCv    | Identified the ring "Faqavokh" {rN+ Int+3 Slay+3 Stlth--}
                  | (You found it on level 3 of the Lair of Beasts)
 13290 | Lair:5   | Identified the +9 fustibalus of Doom {venom, +Inv rF- rC+
                  | Stlth+} (You found it on level 3 of the Lair of Beasts)
 13815 | Lair:6   | Entered Level 6 of the Lair of Beasts
 14017 | Lair:6   | Reached skill level 8 in Shields
 14139 | Lair:6   | Reached ****** piety under Makhleb
 14167 | Lair:6   | Reached skill level 6 in Invocations
 14183 | Lair:6   | Reached skill level 15 in Axes
 14191 | Lair:6   | Reached skill level 1 in Stealth
 14349 | Lair:6   | Reached skill level 5 in Evocations
 14367 | Lair:6   | Gained mutation: Your large and strong wings let you fly
                  | indefinitely. [Gargoyle growth]
 14367 | Lair:6   | Reached XP level 14. HP: 80/91 MP: 18/18
 14491 | Lair:6   | Upgraded the game from bcrawl-1.38.2 to bcrawl-1.38.3
 14552 | Lair:6   | Reached skill level 12 in Fighting
 14653 | Lair:6   | Reached skill level 9 in Armour
 14882 | Lair:6   | Noticed a dire elephant
 14897 | Lair:6   | Killed a dire elephant
 14898 | Lair:6   | Reached skill level 7 in Invocations
 14947 | Lair:6   | Identified the Volume of the Ensnaring Traveller
 15677 | D:9      | Found Femoiplo's Gadget Shoppe.
 15854 | D:10     | Entered Level 10 of the Dungeon
 15987 | D:10     | Noticed Psyche
 15992 | D:10     | Killed Psyche
 16089 | D:10     | Reached skill level 9 in Shields
 16216 | D:10     | Reached skill level 6 in Evocations
 16628 | D:10     | Identified a scroll of acquirement
 16701 | D:11     | Reached skill level 16 in Axes
 16836 | D:11     | Reached XP level 15. HP: 97/97 MP: 20/20
 17032 | D:11     | Reached skill level 8 in Invocations
 17054 | D:11     | Found a gate to the Vaults.
 17241 | D:11     | Reached skill level 10 in Armour
 17484 | D:12     | Entered Level 12 of the Dungeon
 17691 | D:12     | Noticed Azrael
 17706 | D:12     | Killed Azrael
 17707 | D:12     | Reached skill level 10 in Shields
 17710 | D:12     | HP: 11/97 [17-headed hydra (6)]
 17724 | D:12     | Found a staircase to the Depths.
 18062 | D:12     | Reached skill level 13 in Fighting
 18070 | D:12     | Found a runed translucent gate.
 18070 | D:12     | Found a runed translucent gate.
 18070 | D:12     | Found a runed translucent gate.
 18071 | D:12     | Noticed tronn's ghost (novice FeWz)
 18235 | D:12     | Found a shattered altar of Ashenzari.
 18344 | D:12     | Found Juasuf's Armour Emporium.
 18353 | D:12     | Bought a +1 crystal plate armour for 1131 gold pieces
 18509 | D:12     | Found a hazy altar of Hepliaklqana.
 18691 | Orc      | Entered the Orcish Mines
 18691 | Orc      | Found Tadiatso's Antique Armour Emporium.
 18725 | Orc      | Bought a pair of scorched gloves for 323 gold pieces
 18730 | Orc      | Identified the cursed +0 pair of gloves "Aneiruhu" {rF+
                  | Str+2} (You bought it in a shop in the Orcish Mines)
 18811 | Orc      | Noticed Nessos
 18811 | Orc      | Noticed Erolcha
 18821 | Orc      | Killed Erolcha
 18829 | Orc      | Noticed Nessos
 18829 | Orc      | Nessos changed into Nessos the swamp dragon
 18839 | Orc      | Killed Nessos the swamp dragon
 19256 | Orc      | Noticed Sonja
 19288 | Orc      | Found a staircase to the Elven Halls.
 19355 | Orc      | Found Tussoamn's Food Shoppe.
 19355 | Orc      | Found Rabae's General Store.
 19442 | Orc      | Found Fephuila's Distillery.
 19442 | Orc      | Found Rueqosh's Armour Boutique.
 19452 | Orc      | Bought a potion of curing for 32 gold pieces
 19452 | Orc      | Bought 2 potions of curing for 65 gold pieces
 19452 | Orc      | Bought a potion of haste for 130 gold pieces
 19452 | Orc      | Bought a potion of curing for 32 gold pieces
 19452 | Orc      | Bought a potion of heal wounds for 65 gold pieces
 19452 | Orc      | Bought a potion of heal wounds for 65 gold pieces
 19452 | Orc      | Bought a potion of flight for 52 gold pieces
 19672 | Spider:1 | Entered Level 1 of the Spider Nest
 19705 | Spider:1 | Reached skill level 11 in Armour
 19778 | Spider:1 | Noticed an emperor scorpion
 19786 | Spider:1 | Reached XP level 16. HP: 104/104 MP: 22/22
 19790 | Spider:1 | Reached skill level 17 in Axes
 19965 | Spider:1 | Reached skill level 11 in Shields
 20109 | Spider:1 | Got an amethyst-encrusted ring mail
 20189 | Spider:1 | Identified the +5 ring mail "Kithrelu" {Int+4} (You found
                  | it on level 1 of the Spider Nest)
 20207 | Spider:2 | Noticed Roxanne
 20225 | Spider:2 | Killed Roxanne
 20282 | Spider:2 | Noticed Donald
 20310 | Spider:2 | Killed Donald
 20601 | Spider:3 | Entered Level 3 of the Spider Nest
 20612 | Spider:3 | Reached skill level 14 in Fighting
 21046 | Spider:3 | Reached skill level 12 in Armour
 21301 | Spider:3 | Reached skill level 12 in Shields
 21301 | Spider:3 | Reached XP level 17. HP: 101/112 MP: 0/23
 21305 | Spider:3 | Reached skill level 18 in Axes
 21441 | Spider:3 | Got a gossamer rune of Zot
 21671 | Shoals:1 | Entered Level 1 of the Shoals
 22220 | Shoals:1 | Found a transporter.
 22292 | Shoals:1 | Found a transporter.
 22372 | Shoals:1 | Reached skill level 15 in Fighting
 22372 | Shoals:1 | Reached skill level 13 in Armour
 22436 | Shoals:1 | Identified the cursed scarf of Sedisasadgh {clouds, +Inv
                  | rC+ Int-2, @q1} (You found it on level 1 of the Shoals)
 22807 | Shoals:3 | Entered Level 3 of the Shoals
 22834 | Shoals:3 | Reached skill level 13 in Shields
 22894 | Shoals:3 | Reached skill level 9 in Invocations
 23030 | Shoals:3 | Identified Bes Nuc's Tome of Torrid Stones
 23445 | Shoals:3 | Identified the cursed +0 leather armour of Inquiry {rF+
                  | Regen+ Int+3}
 23606 | Shoals:3 | Reached XP level 18. HP: 66/119 MP: 25/25
 23828 | Shoals:3 | Reached skill level 10 in Invocations
 23855 | Shoals:3 | Got a barnacled rune of Zot
 23972 | Lair:3   | Identified the +2 pair of boots of Dececvui {Stlth+} (You
                  | acquired it on level 3 of the Lair of Beasts)
 23972 | Lair:3   | Identified the ring of Xom's Fair Game {rElec MP+9 Dex+4
                  | Stlth+} (You acquired it on level 3 of the Lair of Beasts)
 24150 | Vaults:1 | Entered Level 1 of the Vaults
 24207 | Vaults:1 | Noticed a Hell Sentinel
 24220 | Vaults:1 | Cast into level 1 of the Abyss (a deep elf sorcerer)
 24229 | Vaults:1 | Escaped the Abyss
 24246 | Vaults:1 | Reached skill level 14 in Armour
 24687 | Vaults:1 | Reached skill level 14 in Shields
 24713 | Vaults:1 | Reached skill level 16 in Fighting
 24752 | Vaults:1 | Identified the cursed +1 shortbow of Zaxkis {freeze, +Blink
                  | rPois rN+ Dex-2}
 25010 | Vaults:1 | Reached skill level 11 in Invocations
 25034 | Vaults:1 | Reached skill level 15 in Armour
 25052 | Vaults:1 | Paralysed by a wizard for 4 turns
 25157 | Vaults:1 | Found a portal to a secret trove of treasure.
 25322 | Vaults:1 | Found Zypnoxoph's Gadget Boutique.
 25378 | Vaults:1 | Reached skill level 7 in Evocations
 25563 | Vaults:1 | Reached XP level 19. HP: 125/125 MP: 27/27
 26060 | Depths:1 | Entered Level 1 of the Depths
 26105 | Depths:1 | Found a one-way gate to the infinite horrors of the Abyss.
 26396 | Depths:1 | Paralysed by a floating eye for 3 turns
 26402 | Depths:1 | Paralysed by a floating eye for 2 turns
 26548 | Depths:1 | Reached skill level 16 in Armour
 26578 | Depths:1 | Identified the cursed +3 executioner's axe "Wigiab" {flame,
                  | rF+ rN+}
 26594 | Depths:1 | Noticed a lich
 26606 | Depths:1 | Paralysed by something for 3 turns
 26621 | Depths:1 | Killed a lich
 26666 | Depths:1 | Reached skill level 8 in Evocations
 26678 | Depths:1 | Paralysed by a vampire knight for 3 turns
 26808 | Depths:1 | Reached skill level 12 in Invocations
 26812 | Depths:1 | Reached skill level 15 in Shields
 27019 | Depths:1 | Found a gateway to Hell.
 27371 | Depths:2 | Reached skill level 17 in Fighting
 27521 | Depths:2 | Noticed a rockslime
 27531 | Depths:2 | Killed a rockslime
 27545 | Depths:2 | Reached XP level 20. HP: 55/134 MP: 29/29
 27694 | Depths:2 | Noticed a caustic shrike
 27711 | Depths:2 | HP: 20/134 [fire dragon/blast of flame (7)]
 27929 | Depths:2 | Identified the cursed +1 plate armour of Joy {rN+ Regen+
                  | Str-2}
 28105 | Orc      | Bought the +0 mask of the Dragon {MR+ Slay+3 SInv} for 1135
                  | gold pieces
 28105 | Orc      | Found the +0 mask of the Dragon {MR+ Slay+3 SInv}
 28116 | Orc      | Identified the amulet "Koott" {Rage rF+ rN+ MR+ Dex+2} (You
                  | acquired it in the Orcish Mines)
 28361 | Depths:2 | Found a runed gate.
 28362 | Depths:2 | Found a runed gate.
 28363 | Depths:2 | Found a runed gate.
 28404 | Depths:2 | Reached skill level 17 in Armour
 28493 | Depths:2 | Reached skill level 9 in Evocations
 28641 | Depths:2 | Found a one-way gate leading to the halls of Pandemonium.
 28741 | Depths:3 | Noticed a Killer Klown
 28759 | Depths:3 | Killed a Killer Klown
 28763 | Depths:3 | Identified the cursed +1 lajatang of Forced Transition
                  | {slice, rPois Int+5}
 28846 | Depths:3 | Found a gateway to a ziggurat.
 29029 | Depths:3 | Reached skill level 13 in Invocations
 29090 | Depths:3 | Identified the +0 faerie dragon scales {Regen+ rCorr
                  | Slay+3}
 29090 | Depths:3 | Noticed the Enchantress
 29109 | Depths:3 | Killed the Enchantress
 29363 | Depths:3 | Reached skill level 16 in Shields
 29682 | Vaults:2 | Found Ohow's Antique Weapon Shop.
 29713 | Vaults:2 | Reached skill level 18 in Armour
 29840 | Vaults:2 | Found Sicolexih's Assorted Antiques.
 29868 | Vaults:2 | Found Afrisk's General Store.
 29875 | Vaults:2 | Bought a scroll of teleportation for 57 gold pieces
 29875 | Vaults:2 | Bought a wand of acid (6) for 266 gold pieces
 30008 | Vaults:2 | Noticed Boris
 30013 | Vaults:2 | Reached skill level 10 in Evocations
 30025 | Vaults:2 | Killed Boris
 30026 | Vaults:2 | Reached XP level 21. HP: 83/140 MP: 31/31
 30288 | Vaults:2 | Found Coiro Fuifa's Jewellery Boutique.
 30291 | Vaults:2 | Found Semaeji's Antique Weapon Boutique.
 30355 | Vaults:2 | Found a staircase to the Crypt.
 30355 | Vaults:2 | Found an ancient bone altar of Kikubaaqudgha.
 30356 | Vaults:2 | Found a basalt altar of Yredelemnul.
 30659 | Vaults:3 | Entered Level 3 of the Vaults
 30659 | Vaults:3 | Noticed a golden dragon
 30682 | Vaults:3 | Noticed a juggernaut
 30740 | Vaults:3 | Reached skill level 18 in Fighting
 30793 | Vaults:3 | Reached skill level 14 in Invocations
 30827 | Vaults:3 | Noticed a golden dragon
 30832 | Vaults:3 | Noticed a golden dragon
 30845 | Vaults:3 | Killed a golden dragon
 30849 | Vaults:3 | Killed a golden dragon
 30961 | Vaults:3 | Reached skill level 11 in Evocations
 31011 | Vaults:3 | Reached skill level 17 in Shields
 31053 | Vaults:3 | Found Askyuv's Distillery.
 31054 | Vaults:3 | Found Mudojex's Food Shoppe.
 31074 | Vaults:3 | Found Eceh's Food Emporium.
 31163 | Vaults:3 | Reached XP level 22. HP: 145/148 MP: 32/32
 31188 | Vaults:3 | Reached skill level 19 in Armour
 31394 | Vaults:3 | Reached skill level 19 in Fighting
 31417 | Vaults:3 | Killed a juggernaut
 31508 | Vaults:3 | Killed a golden dragon
 31580 | Vaults:3 | Bought a potion of cancellation for 85 gold pieces
 31580 | Vaults:3 | Bought a potion of agility for 68 gold pieces
 31580 | Vaults:3 | Bought a potion of haste for 170 gold pieces
 31580 | Vaults:3 | Bought a potion of magic for 85 gold pieces
 31580 | Vaults:3 | Bought a potion of curing for 42 gold pieces
 31580 | Vaults:3 | Bought a potion of mutation for 136 gold pieces
 31587 | Vaults:3 | Found Puhyown's Food Shoppe.
 31587 | Vaults:3 | Found Rappy's Food Shop.
 31616 | Vaults:3 | Found Tocoumon's Distillery.
 31624 | Vaults:3 | Bought a potion of curing for 42 gold pieces
 31624 | Vaults:3 | Bought a potion of heal wounds for 85 gold pieces
 31624 | Vaults:3 | Bought a potion of heal wounds for 85 gold pieces
 31624 | Vaults:3 | Bought a potion of curing for 42 gold pieces
 31624 | Vaults:3 | Bought a potion of haste for 170 gold pieces
 31624 | Vaults:3 | Bought a potion of heal wounds for 85 gold pieces
 31624 | Vaults:3 | Bought a potion of curing for 42 gold pieces
 31662 | Vaults:3 | Found Ruaram's Magic Scroll Boutique.
 31667 | Vaults:3 | Bought a scroll of teleportation for 57 gold pieces
 31681 | Vaults:3 | Found Teilug's Food Shop.
 31686 | Vaults:3 | Reached skill level 18 in Shields
 31802 | Vaults:3 | Noticed a golden dragon
 31806 | Vaults:2 | HP: 8/150 [fire giant/fireball (16)]
 32089 | Vaults:3 | Killed a golden dragon
 32147 | Vaults:3 | Found Cuqeocex's Antique Weapon Boutique.
 32255 | Vaults:3 | Found Qisi's Antique Armour Shop.
 32530 | Vaults:3 | Got a silver rune of Zot
 32681 | Vaults:3 | Found Idghia's Magic Scroll Boutique.
 32681 | Vaults:3 | Found Cezaysche's Antique Weapon Boutique.
 32685 | Vaults:3 | Bought a scroll of teleportation for 51 gold pieces
 32685 | Vaults:3 | Bought a scroll of blinking for 127 gold pieces
 32685 | Vaults:3 | Bought a scroll of brand weapon for 306 gold pieces
 32699 | Vaults:3 | Found Bedempag's Jewellery Emporium.
 32703 | Vaults:3 | Bought the amulet of the Four Winds {rN+ MR+++ Clar} for
                  | 965 gold pieces
 32703 | Vaults:3 | Found the amulet of the Four Winds {rN+ MR+++ Clar}
 33113 | Depths:4 | Noticed a rockslime
 33114 | Depths:4 | Reached skill level 20 in Armour
 33139 | Depths:4 | Noticed a caustic shrike
 33145 | Depths:4 | Noticed a rockslime
 33145 | Depths:4 | Noticed a rockslime
 33160 | Depths:4 | Killed a rockslime
 33161 | Depths:4 | Reached XP level 23. HP: 77/156 MP: 19/33
 33268 | Depths:4 | Noticed a caustic shrike
 33280 | Depths:4 | Killed a caustic shrike
 33281 | Depths:4 | Reached skill level 20 in Fighting
 33305 | Depths:4 | Identified the Almanac of the Evil Volcanoes
 33349 | Depths:4 | Noticed a Killer Klown
 33372 | Depths:4 | Noticed a golden dragon
 33380 | Depths:4 | Killed a Killer Klown
 33407 | Depths:4 | Killed a golden dragon
 33409 | Depths:4 | Reached skill level 19 in Shields
 33569 | Depths:4 | Killed a caustic shrike
 33923 | Depths:4 | Noticed a caustic shrike
 33933 | Depths:4 | Noticed a caustic shrike
 33945 | Depths:4 | Noticed a caustic shrike
 33951 | Depths:4 | Killed a caustic shrike
 33962 | Depths:4 | Killed a caustic shrike
 33977 | Depths:4 | Killed a caustic shrike
 34145 | Depths:4 | Identified the +1 pair of boots "Haacomaq" {rC++ Dex+5
                  | Slay-4} (You acquired it on level 4 of the Depths)
 34145 | Depths:4 | Identified the ring of the Pharaoh's Fist {rPois rC- Int+2
                  | Slay+5} (You acquired it on level 4 of the Depths)
 34295 | Depths:4 | Reached skill level 21 in Armour
 34639 | Vaults:3 | Bought the ring of Utzog {AC+4 Str+3} for 1069 gold pieces
 35008 | Depths:5 | Entered Level 5 of the Depths
 35097 | Depths:5 | Reached XP level 24. HP: 152/164 MP: 15/33
 35168 | Depths:5 | Found a gate to the Realm of Zot.
 35190 | Depths:5 | Reached skill level 21 in Fighting
 35281 | Zot:1    | Entered Level 1 of the Realm of Zot
 35426 | Zot:3    | Reached skill level 20 in Shields
 35478 | Zot:3    | Noticed an orb of fire
 35487 | Zot:3    | Gained mutation: You are dopey. (Int -2) [an orb of fire]
 35497 | Zot:3    | Gained mutation: Your flesh is heat resistant. (rF+) [an
                  | orb of fire]
 35499 | Zot:3    | Gained mutation: Your body sometimes deteriorates upon
                  | taking damage. [an orb of fire]
 35500 | Zot:3    | Killed an orb of fire
 35674 | Zot:5    | Entered Level 5 of the Realm of Zot
 35677 | Zot:5    | Found a transporter.
 35677 | Zot:5    | Noticed Lazarus1551's ghost (legendary OnCj)
 35679 | Zot:5    | Noticed a golden dragon
 35681 | Zot:5    | Noticed a golden dragon
 35788 | Zot:5    | Found a transporter.
 35790 | Zot:5    | Found the +27 Lear's hauberk
 36432 | Zot:5    | Noticed an orb of fire
 36433 | Zot:5    | Gained mutation: You are very dopey. (Int -4) [an orb of
                  | fire]
 36456 | Zot:5    | Gained mutation: Scrolls take you a little longer to read.
                  | [an orb of fire]
 36460 | Zot:5    | Gained mutation: Your magical capacity is low. (-10% MP)
                  | [an orb of fire]
 36461 | Zot:5    | Killed an orb of fire
 36511 | Zot:5    | Noticed a Killer Klown
 36515 | Zot:5    | Noticed an orb of fire
 36521 | Zot:5    | Gained mutation: Your spells are a little easier to cast,
                  | but a little less powerful. [an orb of fire]
 36530 | Zot:5    | Gained mutation: Armour fits poorly on your strangely
                  | shaped body. [an orb of fire]
 36533 | Zot:5    | Killed a Killer Klown
 36535 | Zot:5    | Gained mutation: Your body often deteriorates upon taking
                  | damage. [an orb of fire]
 36540 | Zot:5    | Noticed a golden dragon
 36541 | Zot:5    | Killed an orb of fire
 36565 | Zot:5    | Killed a golden dragon
 36566 | Zot:5    | Reached skill level 15 in Invocations
 36566 | Zot:5    | Reached skill level 12 in Evocations
 36615 | Zot:5    | Noticed an orb of fire
 36623 | Zot:5    | Gained mutation: You are clumsy. (Dex -2) [an orb of fire]
 36625 | Zot:5    | Reached XP level 25. HP: 169/172 MP: 5/30
 36629 | Zot:5    | Gained mutation: Your magical capacity is very low. (-20%
                  | MP) [an orb of fire]
 36647 | Zot:5    | Killed an orb of fire
 36695 | Zot:5    | Noticed an ancient lich
 36701 | Zot:5    | Got the Orb of Zot
 36722 | Zot:5    | Killed an ancient lich
 36723 | Zot:5    | Reached skill level 22 in Armour
 36761 | Zot:5    | Noticed a Killer Klown
 36919 | Depths:5 | Lost mutation: You are clumsy. (Dex -2) [potion of
                  | mutation]
 36919 | Depths:5 | Lost mutation: Scrolls take you a little longer to read.
                  | [potion of mutation]
 36919 | Depths:5 | Lost mutation: Your spells are a little easier to cast, but
                  | a little less powerful. [potion of mutation]
 36919 | Depths:5 | Lost mutation: Your flesh is heat resistant. (rF+) [potion
                  | of mutation]
 36919 | Depths:5 | Gained mutation: You have a pair of small antennae on your
                  | head. [potion of mutation]
 36919 | Depths:5 | Gained mutation: You are resistant to hostile enchantments.
                  | (MR+) [potion of mutation]
 36956 | Depths:4 | Noticed Vair Uli the pandemonium lord
 36989 | Depths:4 | Noticed Sadditiq the pandemonium lord
 37425 | D:$      | Escaped with the Orb!

Skill      XL: |  1  2  3  4  5  6  7  8  9 10 11 12 13 14 15 16 17 18 19 20 21 22 23 24 25 |
---------------+----------------------------------------------------------------------------+-----
Axes           | 2 3 4 5 7 9 10 11 13 14 15 16 17 18 | 18.0
Fighting       | 4 5 6 8 9 10 11 12 13 14 15 16 17 18 19 20 21 | 21.9
Armour         | 4 5 6 7 8 9 11 12 13 15 16 18 20 21 22 | 22.1
Shields        | 4 5 6 7 8 9 10 12 13 14 15 16 17 18 19 20 | 20.8
Invocations    | 2 4 6 7 8 9 11 12 13 14 15 | 15.6
Evocations     | 2 3 5 6 7 8 10 11 12 | 12.6
Stealth        | 1 |  1.7
Throwing       | |  0.5

Action                   |  1- 3 |  4- 6 |  7- 9 | 10-12 | 13-15 | 16-18 | 19-21 | 22-24 | 25-27 || total
-------------------------+-------+-------+-------+-------+-------+-------+-------+-------+-------++-------
Melee: War axe           |   129 |   139 |   332 |   654 |   538 |       |       |       |       ||  1792
       Flail             |       |       |       |    12 |       |       |       |       |       ||    12
       Broad axe         |       |       |       |       |   444 |  1157 |  1112 |  1266 |   205 ||  4184
Throw: Tomahawk          |       |     2 |     3 |     7 |     2 |    31 |    35 |    47 |       ||   127
Invok: Major Destruction |       |       |       |       |     4 |     4 |     2 |     1 |       ||    11
       Hew               |       |       |       |       |     1 |     4 |    18 |    23 |     3 ||    49
       Greater Servant o |       |       |       |       |       |       |     4 |     3 |     2 ||     9
 Abil: Fly               |       |       |       |       |       |     1 |       |       |       ||     1
       Evoke Invisibilit |       |       |       |       |       |     3 |     2 |     3 |     1 ||     9
       Evoke Fog         |       |       |       |       |       |     1 |       |       |       ||     1
Evoke: Wand              |       |       |       |     9 |     8 |     2 |       |     7 |       ||    26
       Phial of floods   |       |       |       |       |     1 |     1 |     2 |       |       ||     4
       Lamp of fire      |       |       |       |       |       |       |       |     1 |       ||     1
  Use: Scroll            |     1 |     2 |    10 |     9 |    17 |     9 |     8 |    17 |       ||    73
       Potion            |       |     2 |     1 |     1 |       |     4 |     4 |     7 |     9 ||    28
 Stab: Petrified         |       |       |       |       |     4 |       |       |       |       ||     4
       Invisible         |       |       |       |       |       |     4 |    10 |     9 |       ||    23
       Distracted        |       |       |       |       |       |       |     1 |     2 |       ||     3
       Confused          |       |       |       |       |       |       |       |     1 |       ||     1
  Eat: Chunk             |     5 |    11 |    15 |    36 |    40 |    42 |    33 |    20 |       ||   202
       Ration            |       |       |     5 |       |     1 |     1 |     2 |     8 |     3 ||    20
Armor: Scale mail        |    92 |   110 |   213 |       |       |       |       |       |       ||   415
       Plate armour      |       |       |    59 |   459 |   537 |       |       |       |       ||  1055
       Crystal plate arm |       |       |       |       |   227 |  1134 |   774 |   966 |   106 ||  3207
Dodge: Dodged            |    26 |    30 |    68 |   125 |   229 |   251 |   141 |    84 |    13 ||   967
Block: Medium shield     |    75 |    67 |   198 |   400 |   627 |   852 |   726 |    56 |       ||  3001
       Large shield      |       |       |       |       |       |       |       |  1292 |   199 ||  1491

Levels and vault maps discovered:
D:1:      minmay_arrival_pointy, layout_loops_corners, serial_bayou_lagoon_a
D:2:      layout_loops_ring, lemuel_zombie_altar_kikubaaqudgha, serial_forest,
          infiniplex_forest_end_1, infiniplex_forest_end_2,
          infiniplex_forest_lined_room_2, infiniplex_forest_straight_3,
          infiniplex_forest_lined_room_2, infiniplex_forest_clump_double,
          infiniplex_forest_clump_double, infiniplex_forest_lined_corner,
          infiniplex_forest_clump_diagonal, infiniplex_forest_clump_small,
          minmay_quantized
D:3:      layout_rooms, marbit_many_paths, nicolae_overflow_crystal_walls,
          chequers_ecumenical_altar_island, kennysheep_generic_room_10,
          uniq_robin
D:4:      layout_gridville, zin_academy, minmay_temple_entry_junction,
          serial_shops, kennysheep_mini, shop, first_ration,
          minmay_splitting_lines, kennysheep_slug_shrine
D:5:      old_forge, layout_loops_cross, lightli_temple_of_fire
D:6:      layout_basic, kennysheep_mini_moat, uniq_pikel, uniq_sigmund,
          uniq_prince_ribbit1
D:7:      black_bear_nest_1, layout_basic, nicolae_yredelemnul_corpse_copse,
          uniq_menkaure
D:8:      layout_loops_corners, nemelex_xobeh_ov_fountains_minmay, david_orc_5,
          uniq_maurice
D:9:      layout_basic, bhauth_dryad_lair, serial_shops, shop_coins,
          hangedman_pestilent_swarm
D:10:     layout_small_grid, grunt_ministairs_7, uniq_psyche
D:11:     layout_roguey, ximxim_vaults_locker_room
D:12:     hangedman_depths_entry_civil_slaughter, layout_gridville,
          gammafunk_ghost_hydra_chop, serial_shops,
          nicolae_shop_competitors_out_of_business,
          nicolae_hepliaklqana_hippocampus, dreamdust_princess_bridge,
          evilmike_ruin_ashenzari, uniq_azrael
Lair:1:   layout_hall_layers, st_stairs_7
Lair:2:   layout_regular_city, spider_nest_entry_web_field,
          minmay_lair_oklob_chamber
Lair:3:   layout_regular_city, bhauth_shoals_entry_nymph_pool
Lair:4:   layout_loops_ring, hibernation_bobbens
Lair:5:   layout_layer_cave, slime_altar_1, portal_ice_cave_rime
Lair:6:   hangedman_lair_in_review, layout_long_grid, st_stairs_9,
          nicolae_lair_yak_garden
Shoals:1: gammafunk_the_bubble [the_bubble_gammafunk_grid], layout_shoals,
          nicolae_shoals_nautilus_by_nature, uniq_kirke
Shoals:2: cheibrodos_shoals_satyrical_garden, layout_shoals,
          nicolae_shoals_dead_sea_scrolls
Shoals:3: shoals_end_grunt_ice, layout_shoals, nicolae_shoals_spectral_cove
Spider:1: layout_spider_delve, spiders_nest_spider_trap
Spider:2: layout_chambers, uniq_arachne, uniq_donald, uniq_roxanne
Spider:3: grunt_spider_rune_parallel
Orc:      grunt_orc_tribal_feast, layout_diamond_mine, serial_shops,
          nicolae_shop_temple_entry_statues_fountains, uniq_erolcha, uniq_sonja,
          uniq_nessos
Vaults:1: vaults_dpeg_ring, v_misc_32, hangedman_vaults_variations,
          ontoclasm_vaults_claustrophobia, ontoclasm_vaults_chip, st_cross,
          v_misc_1, vaults_dpeg_diagonal, layout_vaults_chaotic_city,
          serial_shops, shop, nicolae_trove_entry_crossroad
Vaults:2: minmay_crypt_entry_necro_gods, ontoclasm_vaults_hangar,
          ontoclasm_vaults_misaligned, vaults_room_boxed, v_misc_30,
          hangedman_vaults_nodes, vaults_room_fours, serial_ice_b,
          vaults_room_stairs_pillars, vaults_standard_mumra_x,
          ontoclasm_vaults_misaligned, hangedman_vaults_slice, v_misc_25,
          layout_vaults_ring, serial_shops, shop_fountains, shop, shop,
          nicolae_shop_crystal, nicolae_shop_overgrown_old_shop, uniq_boris
Vaults:3: serial_shops
Depths:1: minmay_tri_box, layout_basic, glass_columns_b,
          grunt_hell_entry_dis_old, abyss_entry, st_stairs_14,
          due_unseen_surprise, serial_bayou_shore_a
Depths:2: minmay_the_grid_octo_tiled_octocenter
          [minmay_the_grid_octo_fat_diamond, minmay_the_grid_octo_toaster,
          minmay_the_grid_octo_empty, minmay_the_grid_octo_checkered,
          minmay_the_grid_octo_prize_ultimate_mussel_roller,
          minmay_the_grid_square_5x5_bracketed,
          minmay_the_grid_square_5x5_fancy_junction,
          minmay_the_grid_square_5x5_meh,
          minmay_the_grid_square_5x5_intrusive_squares], layout_gridlike,
          grunt_pan_entry_sceptre, interstate_on_off, pf_coc_iceberg,
          pandoras_box_mu
Depths:3: kennysheep_windowed_halls, layout_gridlike, enter_ziggurat_a,
          hell_entry, rand_demon_pan_entry_5, serial_sigils,
          serial_sigils_hangedman_snap, serial_sigils_hangedman_leer,
          serial_sigils_hangedman_gnaw, serial_sigils_hangedman_stare,
          serial_sigils_hangedman_snap, serial_bayou_shore_b, uniq_enchantress
Depths:4: kennysheep_large_vault, layout_basic, hellmouth_1, abyss_entry,
          nicolae_elevator_lobby_plus
Depths:5: evilmike_zot_entry_diamond, layout_gridlike, hell_entry,
          hangedman_abyss_or_decor_stagger, chequers_serial_rivers_micro_a
Zot:1:    layout_gridville, zot_minivault_1
Zot:2:    layout_twisted_circle, gammafunk_ghost_necromancy, lemuel_golem_globe
Zot:3:    circus_mu, layout_gridlike, st_stairs_9
Zot:4:    layout_gridlike, basic_altar
Zot:5:    layout_gridlike, gammafunk_ghost_arena

Table legend:
 A = Turns spent in this place as a percentage of turns spent in the entire game.
 B = Non-inter-level travel turns spent in this place as a percentage of non-inter-level travel turns spent in the entire game.
 C = Inter-level travel turns spent in this place as a percentage of turns spent in this place.
 D = Turns resting spent in this place as a percentage of non-inter-level travel turns spent in this place.
 E = Turns spent auto-exploring this place as a percentage of non-inter-level travel turns spent in this place.
 F = Non-inter-level travel turns spent in this place divided by the number of levels of this place that you've seen.
                   A       B       C       D       E      F
               +-------+-------+-------+-------+-------+----------------------
         Total | 100.0 | 100.0 |   9.7 |   7.2 |  62.8 | 845.0
       Dungeon |  35.0 |  34.1 |  12.0 |   5.6 |  72.7 | 960.4
          Lair |  17.3 |  17.8 |   7.2 |   7.0 |  74.7 | 1003.5
        Shoals |   6.1 |   6.3 |   7.8 |   1.3 |  56.9 | 704.3
   Spider Nest |   5.2 |   5.5 |   5.3 |   4.0 |  54.3 | 619.0
  Orcish Mines |   2.4 |   2.6 |   3.8 |  10.2 |  60.6 | 862.0
        Vaults |  13.8 |  14.1 |   8.1 |   5.1 |  61.5 | 1584.3
        Depths |  14.9 |  14.4 |  13.1 |   6.6 |  48.8 | 972.0
           Zot |   4.3 |   4.4 |   7.2 |  28.2 |  19.0 | 297.6
         Abyss |   0.0 |   0.0 |   0.0 |   0.0 |   0.0 |   9.0
      Ice Cave |   0.8 |   0.9 |   0.0 |  65.1 |   8.7 | 312.0
               +-------+-------+-------+-------+-------+----------------------

Table legend:
 A = Kills in this place as a percentage of kills in entire the game.
 B = Kills by you in this place as a percentage of kills by you in the entire game.
 C = Kills by friends in this place as a percentage of kills by friends in the entire game.
 D = Other kills in this place as a percentage of other kills in the entire game.
 E = Experience gained in this place as a percentage of experience gained in the entire game.
 F = Experience gained in this place divided by the number of levels of this place that you have seen.
                   A       B       C       D       E      F
               +-------+-------+-------+-------+-------+----------------------
         Total | 100.0 | 100.0 | 100.0 | 100.0 | 100.0 | 26175.9
       Dungeon |  26.0 |  26.2 |   0.0 |  17.6 |   5.6 | 4895.7
          Lair |  11.9 |  12.0 |   0.0 |   0.0 |   5.5 | 9521.2
        Shoals |   7.0 |   7.1 |   0.0 |   0.0 |   6.0 | 20783.7
   Spider Nest |   9.5 |   9.5 |   0.0 |   5.9 |   7.0 | 24515.0
  Orcish Mines |   4.8 |   4.8 |   0.0 |   5.9 |   1.2 | 12660.0
        Vaults |  17.2 |  16.8 | 100.0 |  41.2 |  26.6 | 92940.7
        Depths |  18.8 |  19.0 |   0.0 |   5.9 |  31.0 | 64942.4
           Zot |   4.2 |   4.3 |   0.0 |   0.0 |  17.0 | 35594.2
      Ice Cave |   0.5 |   0.3 |   0.0 |  23.5 |   0.1 | 1100.0
               +-------+-------+-------+-------+-------+----------------------
